Map: Oxide LE

Players

Trevor - Winner!

  • Race: Terran Terran

Deckboy

  • Race: Zerg Zerg
  • League: Gold

VOD

Have the link to the VOD?

Description

Time

  • Played on: Sept. 26, 2021, 11:01 p.m.
  • Length: 2:38
Show
View Real Time Build Order
Export as new Build Order

Trevor Terran - Winner!

Build Orders:  

Get SALT Encoding   

  12  0:00  SCV  
  13  0:17  Supply Depot  
  13  0:19  SCV  
  14  0:32  SCV  
  15  0:42  Barracks  
  15  0:44  SCV  
  16  0:56  SCV  
  17  1:08  SCV  
  18  1:36  Command Center  
  18  1:37  Marine  
  19  1:50  SCV  
  20  1:55  Marine  
  21  2:02  SCV  
  22  2:13  Marine  
Show
View Real Time Build Order
Export as new Build Order

Deckboy Zerg 

Build Orders: Pool First 

Get SALT Encoding   

  12  0:00  Drone  
  13  0:08  Drone  
  14  0:17  Overlord  
  14  0:37  Extractor  
  14  0:42  Drone  
  14  0:46  Spawning Pool  
  13  1:11  Hatchery  
  12  1:23  Drone  
  12  1:24  Drone x2  
  16  1:44  Hatchery  
  15  1:51  Zergling x2  
  15  1:52  Zergling x2  
  17  1:54  Queen  
  20  2:02  Extractor  
  20  2:07  Zergling x2  
  20  2:08  Zergling x2  
Tags
 
League
Gold
Matchup
TvZ
Opening
Pool First
Add a new tag
Caveats
  • Supply blocks, unpowered buildings, or Contaminate may cause inaccurate times.
  • Supply counts are checked every 10 seconds.